 Dungeon Crawl Stone Soup version 0.21-a0-504-g2eda330 (webtiles) character file.

60 Cricketeer the Skirmisher (level 3, 0/34 HPs)
             Began as a Minotaur Berserker on Nov 26, 2017.
             Was an Initiate of Okawaru.
             Slain by a black bear (6 damage)
             ... created by the rage of Trog
             ... on level 2 of the Dungeon.
             The game lasted 00:05:05 (1412 turns).

Cricketeer the Skirmisher (Minotaur Berserker)      Turns: 1412, Time: 00:05:05

Health: 0/34       AC:  5    Str: 22    XL:     3   Next: 82%
Magic:  2/2        EV: 11    Int:  4    God:    Okawaru [......]
Gold:   162        SH:  0    Dex:  9    Spells: 2/2 levels left

rFire    . . .     SeeInvis .   o - -2 dagger (curse)
rCold    . . .     Gourm    .   (no shield)
rNeg     . . .     Faith    .   f - +0 ring mail
rPois    .         Spirit   .   (helmet restricted)
rElec    .         Reflect  .   (no cloak)
rCorr    .         Harm     .   (no gloves)
MR       .....                  (no boots)
Stlth    ..........             (no amulet)
HPRegen  0.11/turn              (no ring)
MPRegen  0.08/turn              (no ring)

@: no status effects
A: retaliatory headbutt, horns 2
a: Renounce Religion


You were on level 2 of the Dungeon.
You worshipped Okawaru.
Okawaru was noncommittal.
You were hungry.

You visited 1 branch of the dungeon, and saw 2 of its levels.

You collected 162 gold pieces.

Inventory:

Hand Weapons
 a - a +0 short sword
 o - a cursed -2 dagger (weapon)
 p - a +0 whip
Armour
 b - a +0 animal skin
 f - a +0 ring mail (worn)
 q - a +0 chain mail
Scrolls
 e - a scroll of teleportation {unknown}
 i - 4 scrolls of identify {unknown}
 k - 3 scrolls of remove curse {unknown}
Potions
 d - a potion of berserk rage {unknown}
 g - a potion of curing {unknown}
 h - 4 potions of mutation {unknown}
 j - a potion of might {unknown}
 m - a potion of degeneration {unknown}
 n - a potion of resistance {unknown}
Comestibles
 c - 3 bread rations
 l - a royal jelly


   Skills:
 + Level 4.4 Fighting
 + Level 4.0 Short Blades
 + Level 3.5 Armour
 + Level 2.3 Dodging


You had 2 spell levels left.
You didn't know any spells.

Dungeon Overview and Level Annotations

Branches:
Dungeon (2/15)

Altars:
Okawaru


Innate Abilities, Weirdness & Mutations

You reflexively headbutt those who attack you in melee.
You have a pair of horns on your head.


Message History

The black bear is too close now for your liking.
You hear an angry growl. x2
The black bear bites you! The black bear barely misses you.
The black bear claws you.
You hear an angry growl.
You hear an angry growl. x2
The black bear bites you! The black bear claws you.
The black bear claws you but does no damage.
You hear an angry growl.
You hear an angry growl.
The black bear closely misses you. x2; The black bear completely misses you.
You hear an angry growl.
The black bear bites you!
* * * LOW HITPOINT WARNING * * *
The black bear completely misses you. The black bear barely misses you.
You hear an angry growl.
The black bear rages.
You hear an angry growl.
The black bear bites you.
You die...

#...# #..#.>...#))#.##.....#
###.# ##..#.....#..#.##.####. #.#
#...###.###..#.##.#...#
#######.###............#.##.#...#
............##.#..####.#.##.#...#
#######.....##...#####.#.##.####.
.........................#......#
.######.....##########.##....#..#
.# ##...## #@h...........##.. .#
##.## #.#####.##.###.##. .# #.#
#.# #.#.## ##.## .# #.# #.# #..##
##)# .# #.# ###.#####..# #.# .#
#.# #..........#######(# .# #.#
#>#.#######.##...... .# #####.#
#<#.# ##.#...... .# #.....#
#.#.#########.......


You could see a black bear (berserk).

Vanquished Creatures
  2 adders (D:2)
  2 worms (D:2)
  A dart slug (D:2)
  A giant cockroach (D:1)
  3 goblins
  5 hobgoblins
  6 kobolds
  A quokka (D:2)
  2 ball pythons (D:1)
  4 bats
  3 frilled lizards
  6 rats
36 creatures vanquished.

Notes
Turn   | Place    | Note
-------+----------+-------------------------------------------
     0 | D:1      | Cricketeer the Minotaur Berserker began the quest for the Orb.
     0 | D:1      | Reached XP level 1. HP: 19/19 MP: 0/0
   276 | D:1      | Reached XP level 2. HP: 27/27 MP: 1/1
   752 | D:2      | Reached XP level 3. HP: 25/33 MP: 2/2
   756 | D:2      | Reached ** piety under Trog
   955 | D:2      | Found an iron altar of Okawaru.
   966 | D:2      | Fell from the grace of Trog
   966 | D:2      | Became a worshipper of Warmaster Okawaru
  1390 | D:2      | Noticed a polar bear
  1390 | D:2      | Noticed a black bear
  1390 | D:2      | Noticed a black bear
  1390 | D:2      | Noticed a black bear
  1412 | D:2      | Slain by a black bear

Vault maps used:
D:1:      saegor_arrival_simple_f
D:2:      lemuel_crystal_altar, first_bread, st_stairs_3, minmay_vboxes

Skill      XL: |  1  2  3 |
---------------+----------+-----
Fighting       | 4 |  4.4
Armour         | 3 |  3.5
Short Blades   | 4 |  4.0
Dodging        | |  2.3

Action                   || total
-------------------------++-------
Melee: Short sword       ||    81
       Headbutt          ||     8
       Dagger            ||    11
  Eat: Chunk             ||     1
Armor: Ring mail         ||    43
Dodge: Dodged            ||    68

Table legend:
 A = Spawn XP
 B = Non-spawn XP
 C = Spawn XP percentage of total XP
 D = Spawn monster count
 E = Non-spawn monster count
 F = Spawn count percentage of total count
 G = Total turns spent on level
                    A         B        C        D         E        F      G
               +---------+---------+-------+---------+---------+-------+---------
         Total |       0 |      87 |   0.0 |       0 |      36 |   0.0 |  1412
               +---------+---------+-------+---------+---------+-------+---------
           D:1 |       0 |      20 |   0.0 |       0 |      14 |   0.0 |   591
           D:2 |       0 |      67 |   0.0 |       0 |      22 |   0.0 |   821
               +---------+---------+-------+---------+---------+-------+---------
